 Dungeon Crawl Stone Soup version 0.20.1-1-g8b1a95d (webtiles) character file.

58 Lanoc the Skirmisher (level 3, -3/29 HPs)
             Began as a Demonspawn Chaos Knight on Dec 2, 2017.
             Killed by divine providence
             ... invoked by an orc priest
              (14 damage)
             ... on level 3 of the Dungeon.
             The game lasted 00:04:07 (1382 turns).

Lanoc the Skirmisher (Demonspawn Chaos Knight)      Turns: 1382, Time: 00:04:08

Health: -3/29      AC:  5    Str: 13    XL:     3   Next: 76%
Magic:  3/3        EV: 11    Int: 13    God:    Xom [......]
Gold:   129        SH:  0    Dex: 12    Spells: 2/2 levels left

rFire    . . .     SeeInvis .   a - +0 falchion (chaos)
rCold    . . .     Gourm    .   (no shield)
rNeg     . . .     Faith    .   b - +2 leather armour
rPois    .         Spirit   .   (no helmet)
rElec    .         Reflect  .   (no cloak)
rCorr    .         Harm     .   (no gloves)
MR       .....                  (no boots)
Stlth    +.........             (no amulet)
Regen    0.1/turn               (no ring)
MPRegen  0.1/turn               (no ring)

@: no status effects
A: claws 1
a: Renounce Religion


You were on level 3 of the Dungeon.
You worshipped Xom.
You were a very special plaything of Xom.
You were not hungry.

You visited 1 branch of the dungeon, and saw 3 of its levels.

You collected 129 gold pieces.

Inventory:

Hand Weapons
 a - a +0 falchion of chaos (weapon)
Missiles
 k - 5 javelins (quivered)
Armour
 b - a +2 leather armour (worn)
Scrolls
 d - a scroll of recharging {unknown}
 e - 2 scrolls of identify {unknown}
 f - a scroll of magic mapping {unknown}
 g - a scroll of blinking {unknown}
Potions
 j - a potion of might {unknown}
Comestibles
 c - a bread ration
 h - 2 royal jellies
 i - 5 chunks of flesh


   Skills:
 + Level 3.4 Fighting
 * Level 3.3 Long Blades
 + Level 2.4 Armour
 + Level 1.5 Dodging


You had 2 spell levels left.
You didn't know any spells.

Dungeon Overview and Level Annotations

Branches:
Dungeon (3/15)

Altars:


Innate Abilities, Weirdness & Mutations

You have sharp fingernails.


Message History

You see here a bat skeleton.
The orc shouts!
The orc is too close now for your liking.
The orc priest shouts!
The orc priest calls down the wrath of Beogh upon you.
Beogh smites you! The orc closely misses you.
You hit the orc.
The orc is poisoned.
The orc is severely wounded.
The orc hits you with a mace.
You hit the orc.
The orc is almost dead.
The orc hits you but does no damage.
You hit the orc. Lightning courses through the orc!
You kill the orc!
You hit the orc priest but do no damage.
The orc priest invokes the aid of Beogh against you.
Beogh smites you!
You die...
Xom howls with laughter!

..###....######....##### ##
..............'......... ..
#####....######....#############.
...##....##......########.....##.
.................'......'.....##.
...########......########.....##.
...# #......# #.....#.. ...#
###.....o## #.......( ...#
#.......@.# #........ ...#
#.........# #........
...######.........# #.....#..
..................##### #.....#..
.......[..............# #.....#..
#.........####........# ########.
#.....(...# #.รท......# #.
..........# #........#
..........# #........#


You could see an orc priest.

Vanquished Creatures
  An adder (D:2)
  A dart slug (D:2)
  A worm (D:2)
  2 leopard geckos (D:2)
  3 orcs (D:3)
  7 bats
  2 giant cockroaches
  2 hobgoblins (D:2)
  10 kobolds
  A quokka (D:2)
  A ball python (D:2)
  4 frilled lizards
  2 goblins (D:1)
  4 rats
41 creatures vanquished.

Notes
Turn   | Place    | Note
-------+----------+-------------------------------------------
     0 | D:1      | Lanoc the Demonspawn Chaos Knight began the quest for the Orb.
     0 | D:1      | Reached XP level 1. HP: 18/18 MP: 1/1
   106 | D:1      | XOM: harmless Air miscast
   389 | D:1      | Gained mutation: You have sharp fingernails. [demonic ancestry]
   389 | D:1      | Reached XP level 2. HP: 24/24 MP: 2/2
   484 | D:2      | XOM: confusion
   486 | D:2      | Reached skill level 1 in Dodging
   653 | D:2      | Reached XP level 3. HP: 27/29 MP: 3/3
  1153 | D:3      | XOM: smoke on damage
  1382 | D:3      | Killed from afar by an orc priest

Skill      XL: |  1  2 |
---------------+-------+-----
Armour         | 2 |  2.4
Long Blades    | 3 |  3.3
Dodging        | 1 |  1.5
Fighting       | |  3.4

Action                   || total
-------------------------++-------
Melee: Falchion          ||    84
 Stab: Sleeping          ||     1
  Eat: Chunk             ||     2
Armor: Leather armour    ||    35
Dodge: Dodged            ||    58
       Rpst.: Falchion   ||    17
